AoeStats
← ogipochi_

African Clearing

505202607Analyzed
4v4 RM · 25d ago on Sep 8, 2026· 32m 15s· 8 players
Game mode
Random Map
Map size
Large (8 player)
Population
200
Speed
Normal
Resources
Standard
Victory
Conquest
Starting age
Dark Age
Ending age
Imperial Age
RankedLock teamsTeams togetherTeam positionsShared explorationLock speedFull tech treeHidden civsTurbo modeCheats
Victory
Defeat
🇹🇷 Bohemians · Türkiye
874
+14
🇳🇴 Jurchens · Norway
825
+16
🇸🇪 Inca · Sweden
814
+17
🇳🇱 Britons · Netherlands
811
+17
🇺🇸 Teutons · United States
879
-18
🇯🇵 Spanish · Japan
832
-16
🇰🇿 Cumans · Kazakhstan
825
-16
🇨🇳 Sicilians · China
774
-14
ogipochi_
AFK
11:22 Loom
15:07 Feudal Age
16:36 Wheelbarrow
15:52 Double-Bit Axe
15:49 Horse Collar
24:51 Castle Age
24:22 Stone Mining
28:30 Fletching
30:51 Bow Saw
31:00 Heavy Plow
32:36 Stone Shaft Mining
32:21 Hand Cart
Françaisman
11:02 Loom
18:33 Feudal Age
29:53 Wheelbarrow
31:11 Horse Collar
午夜屠猪男
4:51 Loom
16:22 Feudal Age
27:41 Castle Age
32:25 Wheelbarrow
Warmommy
4:29 Loom
13:52 Feudal Age
14:56 Double-Bit Axe
15:31 Gold Mining
17:54 Bloodlines
19:48 Forging
19:44 Scale Barding Armor
24:33 Castle Age
23:53 Wheelbarrow
23:31 Stone Mining
23:47 Town Watch
25:44 Bow Saw
25:27 Horse Collar
26:25 Stone Shaft Mining
26:57 Gold Shaft Mining
26:40 Husbandry
26:05 Light Cavalry
28:46 Iron Casting
29:46 Hand Cart
31:32 Fletching
BrammerDude
8:24 Loom
16:17 Feudal Age
22:55 Castle Age
24:05 Stone Mining
27:20 Horse Collar
28:03 Fletching
Wardaddy
4:31 Loom
16:05 Feudal Age
16:46 Double-Bit Axe
17:10 Champi Runner
18:19 Gold Mining
18:28 Fletching
23:22 Castle Age
24:05 Bodkin Arrow
23:38 Crossbowman
28:23 Bow Saw
27:54 Horse Collar
28:16 Bodkin Arrow
27:57 Champi Warrior
29:32 Squires
32:29 Ballistics
32:38 Herbal Medicine
cormano
19:28 Feudal Age
24:27 Castle Age
24:23 Padded Archer Armor
27:01 Chemistry
30:26 Padded Archer Armor
30:30 Horse Collar
30:37 Double-Bit Axe
31:55 Heavy Plow
Connection lost

Rejoining the realm…

Still unreachable

The connection could not be restored.

Session expired

The server has moved on; the page needs a fresh start.